 Dungeon Crawl Stone Soup version 0.22-a0-305-gd21a89c (webtiles) character file.

216 mhoghedin the Grave Robber (level 5, -2/35 HPs)
             Began as a Mummy Necromancer on Mar 28, 2018.
             Slain by a hippogriff (9 damage)
             ... on level 4 of the Dungeon.
             The game lasted 00:06:40 (3015 turns).

mhoghedin the Grave Robber (Mummy Necromancer)      Turns: 3015, Time: 00:06:41

Health: -2/35      AC:  2    Str: 11    XL:     5   Next: 61%
Magic:  2/11       EV: 11    Int: 16    God:
Gold:   123        SH:  0    Dex: 12    Spells: 3/12 levels left

rFire    x . .     SeeInvis .   l - +0 whip (venom)
rCold    + . .     Gourm    .   (no shield)
rNeg     + + +     Faith    .   a - +0 robe
rPois    ∞         Spirit   .   (no helmet)
rElec    .         Reflect  .   (no cloak)
rCorr    .         Harm     .   (no gloves)
MR       .....                  (no boots)
Stlth    +.........             g - amulet of the acrobat
HPRegen  0.11/turn              (no ring)
MPRegen  0.12/turn              (no ring)

@: heavily drained
A: no food or potions, fire vulnerability, cold resistance 1, negative energy
resistance 3, torment resistance, unbreathing
a: no special abilities


You were on level 4 of the Dungeon.
You were not hungry.

You visited 1 branch of the dungeon, and saw 4 of its levels.

You collected 123 gold pieces.

Inventory:

Hand Weapons
 f - a +0 club
   (You took it off a goblin on level 1 of the Dungeon)
 l - a +0 whip of venom (weapon)
   (You found it on level 2 of the Dungeon)
Missiles
 n - 6 curare-tipped needles
Armour
 a - a +0 robe (worn)
Jewellery
 g - an amulet of the acrobat (around neck)
   (You found it on level 1 of the Dungeon)
Scrolls
 b - 2 scrolls of amnesia {unknown}
 c - 3 scrolls of teleportation {unknown}
 d - a scroll of fog {unknown}
 e - 5 scrolls of identify {unknown}
 h - a scroll of magic mapping {unknown}
 i - 2 scrolls of remove curse {unknown}
 j - a scroll of fear {unknown}
 k - a scroll of immolation {unknown}
 m - a scroll of noise {unknown}


   Skills:
 - Level 1.5(0.4) Dodging
 - Level 1.5(0.4) Stealth
 - Level 4.0(2.7) Spellcasting
 + Level 6.5(5.1) Necromancy


You had 3 spell levels left.
You knew the following spells:

 Your Spells              Type           Power        Failure   Level  Hunger
a - Pain                  Necr           ###.         2%          1    N/A
b - Animate Dead          Necr           N/A          22%         4    N/A
x - Vampiric Draining     Necr           ###.......   7%          3    N/A
A - Animate Skeleton      Necr           N/A          2%          1    N/A

Dungeon Overview and Level Annotations

Branches:
Dungeon (4/15)
 Temple: D:4-7

Altars:

Annotations:
D:3 exclusion: Sigmund, Sigmund; zkyp's ghost, amateur SpAs


Innate Abilities, Weirdness & Mutations

You do not eat or drink.
Your flesh is vulnerable to fire.
You are immune to poison.
Your flesh is cold resistant. (rC+)
You are immune to negative energy. (rN+++)
You are immune to unholy pain and torment.
You can survive without breathing.


Message History

There is an open door here.
You open the door.
There is an open door here.
You open the door.
There is an open door here.
You see here 11 stones.
You see here 11 stones.
There is an open door here.
A giant cockroach comes into view.
The giant cockroach moves out of view.
The giant cockroach is too close now for your liking.
The giant cockroach completely misses you.
The giant cockroach bites you but does no damage.
You hit the giant cockroach.
You kill the giant cockroach!
No target in view!
You open the door.
A hound comes into view.
A hound is nearby!
Unknown command.
The hound barks!
There is an open door here.
The hound completely misses you.
You hit the hound.
The hound is poisoned.
The hound closely misses you.
You closely miss the hound. The hound bites you. The hound closely misses you.
You take 1 damage, and have 34/35 hp.
You hit the hound but do no damage.
The hound looks even sicker.
The hound bites you. x2
You take 4 damage, and have 30/35 hp.
Aim: a hound (severely wounded, poisoned, chance to defeat MR: 80%)
The hound barely resists.
The hound closely misses you.
You now have 10/11 mp.
Aim: a hound (severely wounded, poisoned, chance to defeat MR: 80%)
The hound writhes in agony!
You kill the hound!
You now have 9/11 mp.
You start resting.
Health restored: 35; MP restored: 11 You open the door.
There is an open door here.
A hound comes into view.
A hound is nearby!
Aim: a hound (resting, chance to defeat MR: 81%)
The hound writhes in agony!
You now have 10/11 mp.
Aim: a hound (lightly wounded, chance to defeat MR: 81%)
The hound writhes in agony!
You now have 9/11 mp.
Aim: a hound (moderately wounded, chance to defeat MR: 81%)
The hound writhes in agony!
The hound closely misses you.
You now have 8/11 mp.
You hit the hound.
The hound is poisoned.
You kill the hound!
You now have 114 gold pieces (gained 7).
You now have 123 gold pieces (gained 9).
Found a stone staircase leading up.
You regained 2 mp, and now have 10/11 mp.
Found an escape hatch in the ceiling.
MP restored: 11
There is an escape hatch in the ceiling here.
You open the door.
A hippogriff comes into view.
There is an open door here.
Aim: a hippogriff (resting, chance to defeat MR: 74%)
The hippogriff screeches!
The hippogriff writhes in agony!
You now have 10/11 mp.
Aim: a hippogriff (lightly wounded, chance to defeat MR: 74%)
The hippogriff writhes in agony!
You now have 9/11 mp.
Aim: a hippogriff (lightly wounded, chance to defeat MR: 74%)
The hippogriff struggles to resist.
You now have 8/11 mp.
You closely miss the hippogriff. The hippogriff bites you.
The hippogriff misses you. The hippogriff barely misses you.
You take 4 damage, and have 31/35 hp.
You barely miss the hippogriff. The hippogriff bites you.
The hippogriff pecks you. The hippogriff barely misses you.
You take 7 damage, and have 24/35 hp.
Unknown command.
Aim: a hippogriff (lightly wounded, chance to defeat MR: 74%)
The hippogriff writhes in agony!
The hippogriff barely misses you. The hippogriff pecks you.
The hippogriff claws you!
You take 10 damage, and have 14/35 hp.
MASSIVE DAMAGE!!
You now have 7/11 mp.
Aim: a hippogriff (moderately wounded)
You feel life coursing into your body. The hippogriff bites you.
The hippogriff pecks you.
* * * LOW HITPOINT WARNING * * *
The hippogriff claws you!
* * * LOW HITPOINT WARNING * * *
You take 11 damage, and have 3/35 hp.
MASSIVE DAMAGE!!
You now have 4/11 mp.
Aim: a hippogriff (heavily wounded)
You feel life coursing into your body. The hippogriff bites you.
* * * LOW HITPOINT WARNING * * *
The hippogriff barely misses you. The hippogriff claws you!
You die...

......# #......#
#......# #......#
#......# . #......#
. #######......#
#....H@......+
##.####......######
#..............#
#.#.#...######.#####
#.#.#...#....#......
#.#..........#..####
#.#####<#.####..#
#.......#..<....#
#########....#.####


You could see a hippogriff.

Vanquished Creatures
  2 hounds (D:4)
  A centaur skeleton (D:4)
  6 adders
  An ooze (D:3)
  A worm (D:2)
  A dart slug (D:1)
  4 leopard geckos
  5 giant cockroaches
  4 goblins
  4 hobgoblins
  6 jackals
  6 kobolds
  2 ball pythons (D:2)
  4 bats
  5 frilled lizards
  12 rats
64 creatures vanquished.

Vanquished Creatures (collateral kills)
  A dart slug (D:2)
  2 goblins (D:2)
  2 jackals (D:1)
  A frilled lizard (D:3)
  A kobold (D:2)
7 creatures vanquished.

Grand Total: 71 creatures vanquished

Notes
Turn   | Place    | Note
-------+----------+-------------------------------------------
     0 | D:1      | mhoghedin the Mummy Necromancer began the quest for the Orb.
     0 | D:1      | Reached XP level 1. HP: 13/13 MP: 4/4
   149 | D:1      | Reached skill level 3 in Spellcasting
   203 | D:1      | Reached XP level 2. HP: 19/19 MP: 0/6
   377 | D:1      | Learned a level 1 spell: Animate Skeleton
   554 | D:1      | Reached XP level 3. HP: 23/24 MP: 4/8
   799 | D:2      | HP: 5/24 [adder (2)]
  1095 | D:2      | Reached skill level 4 in Spellcasting
  1101 | D:2      | Learned a level 3 spell: Vampiric Draining
  1258 | D:2      | Reached skill level 5 in Necromancy
  1258 | D:2      | Reached XP level 4. HP: 28/30 MP: 3/10
  1466 | D:2      | Learned a level 4 spell: Animate Dead
  1888 | D:3      | Noticed Sigmund
  2298 | D:3      | Noticed zkyp's ghost (amateur SpAs)
  2488 | D:4      | Reached skill level 6 in Necromancy
  2488 | D:4      | Reached XP level 5. HP: 16/35 MP: 11/11
  3007 | D:4      | Noticed a hippogriff
  3014 | D:4      | HP: 3/35 [hippogriff (7)]
  3015 | D:4      | Slain by a hippogriff

Vault maps used:
D:1:      giann_horns
D:2:      minmay_misc_feat_secret_circle
D:3:      first_ration, uniq_sigmund
D:4:      black_bear_nest_2, grunt_ministairs_15

Skill      XL: |  1  2  3  4 |
---------------+-------------+-----
Spellcasting   | 3 4 |  4.0
Necromancy     | 5 6 |  6.5
Dodging        | |  1.5
Stealth        | |  1.5

Action                   |  1- 3 |  4- 6 || total
-------------------------+-------+-------++-------
Melee: Unarmed           |    10 |       ||    10
       Club              |    12 |     1 ||    13
       Whip              |       |    38 ||    38
 Cast: Pain              |    62 |    48 ||   110
       Animate Skeleton  |    13 |     3 ||    16
       Animate Dead      |       |     3 ||     3
       Vampiric Draining |       |     2 ||     2
 Stab: Sleeping          |       |     1 ||     1
Armor: Robe              |    11 |     7 ||    18
Dodge: Dodged            |    39 |    40 ||    79

Table legend:
 A = Spawn XP
 B = Non-spawn XP
 C = Spawn XP percentage of total XP
 D = Spawn monster count
 E = Non-spawn monster count
 F = Spawn count percentage of total count
 G = Total turns spent on level
                    A         B        C        D         E        F      G
               +---------+---------+-------+---------+---------+-------+---------
         Total |       0 |     309 |   0.0 |       0 |      71 |   0.0 |  3015
               +---------+---------+-------+---------+---------+-------+---------
           D:1 |       0 |      47 |   0.0 |       0 |      29 |   0.0 |   771
           D:2 |       0 |     105 |   0.0 |       0 |      29 |   0.0 |  1181
           D:3 |       0 |      33 |   0.0 |       0 |       9 |   0.0 |   378
           D:4 |       0 |     124 |   0.0 |       0 |       4 |   0.0 |   685
               +---------+---------+-------+---------+---------+-------+---------

Vault maps used:
D:1:      giann_horns
D:2:      minmay_misc_feat_secret_circle
D:3:      first_ration, uniq_sigmund
D:4:      black_bear_nest_2, grunt_ministairs_15

Table legend:
 A = Turns spent in this place as a percentage of turns spent in the entire game.
 B = Non-inter-level travel turns spent in this place as a percentage of non-inter-level travel turns spent in the entire game.
 C = Inter-level travel turns spent in this place as a percentage of turns spent in this place.
 D = Turns resting spent in this place as a percentage of non-inter-level travel turns spent in this place.
 E = Turns spent auto-exploring this place as a percentage of non-inter-level travel turns spent in this place.
 F = Non-inter-level travel turns spent in this place divided by the number of levels of this place that you've seen.
                   A       B       C       D       E      F
               +-------+-------+-------+-------+-------+----------------------
         Total | 100.0 | 100.0 |   2.9 |  46.2 |  32.4 | 732.0
       Dungeon | 100.0 | 100.0 |   2.9 |  46.2 |  32.4 | 732.0
               +-------+-------+-------+-------+-------+----------------------

Table legend:
 A = Kills in this place as a percentage of kills in entire the game.
 B = Kills by you in this place as a percentage of kills by you in the entire game.
 C = Kills by friends in this place as a percentage of kills by friends in the entire game.
 D = Other kills in this place as a percentage of other kills in the entire game.
 E = Experience gained in this place as a percentage of experience gained in the entire game.
 F = Experience gained in this place divided by the number of levels of this place that you have seen.
                   A       B       C       D       E      F
               +-------+-------+-------+-------+-------+----------------------
         Total | 100.0 | 100.0 | 100.0 |   N/A | 100.0 |  77.2
       Dungeon | 100.0 | 100.0 | 100.0 |   N/A | 100.0 |  77.2
               +-------+-------+-------+-------+-------+----------------------
